AoeStats
← 建興法師

Arena

510818325Analyzed
4v4 RM · 14h ago on Oct 2, 2026· 37m 8s· 8 players
Game mode
Random Map
Map size
Large (8 player)
Population
200
Speed
Normal
Resources
Standard
Victory
Conquest
Starting age
Dark Age
Ending age
Imperial Age
RankedLock teamsTeams togetherTeam positionsShared explorationLock speedFull tech treeHidden civsTurbo modeCheats
Victory
Defeat
🇭🇰 Lithuanians · Hong Kong SAR China
1069
+14
🇬🇧 Byzantines · United Kingdom
1053
+15
🇭🇰 Vietnamese · Hong Kong SAR China
1034
+16
🇭🇰 Huns · Hong Kong SAR China
920
+20
🇨🇦 Burgundians · Canada
1083
-19
🇫🇷 Franks · France
1021
-16
🇬🇧 Goths · United Kingdom
1002
-15
🇦🇷 Britons · Argentina
999
-15
伐伐伐伐伐木工
10:23 Feudal Age
11:43 Double-Bit Axe
14:35 Castle Age
12:18 Horse Collar
15:33 Bow Saw
17:25 Wheelbarrow
25:50 Loom
29:25 Imperial Age
27:59 Scale Barding Armor
28:04 Forging
27:50 Gold Mining
28:21 Hand Cart
28:15 Stone Mining
28:59 Chain Barding Armor
29:17 Bloodlines
29:11 Husbandry
29:03 Treadmill Crane
30:50 Iron Casting
31:15 Stone Shaft Mining
31:04 Conscription
31:48 Plate Barding Armor
32:26 Masonry
33:51 Hoardings
33:11 Town Watch
33:59 Architecture
33:49 Ballistics
34:30 Chemistry
33:22 Fletching
33:46 Elite Leitis
36:33 Bodkin Arrow
曠曠曠曠曠曠工
11:48 Feudal Age
13:21 Double-Bit Axe
13:45 Loom
14:22 Horse Collar
16:47 Castle Age
18:35 Bow Saw
20:01 Wheelbarrow
19:52 Heavy Plow
24:17 Imperial Age
21:42 Stone Mining
23:04 Pikeman
23:22 Elite Skirmisher
23:57 Fletching
25:13 Treadmill Crane
26:35 Chemistry
25:41 Bodkin Arrow
25:51 Squires
25:39 Arson
26:28 Padded Archer Armor
28:10 Conscription
建興法師
11:27 Feudal Age
15:13 Castle Age
13:27 Horse Collar
14:37 Loom
16:28 Double-Bit Axe
17:07 Bow Saw
22:08 Wheelbarrow
25:56 Heavy Plow
28:54 Imperial Age
27:16 Hand Cart
26:54 Fletching
26:52 Crossbowman
27:34 Padded Archer Armor
28:47 Thumb Ring
29:54 Ballistics
30:11 Bodkin Arrow
31:06 Leather Archer Armor
31:18 Bracer
31:22 Arbalester
33:00 Ring Archer Armor
33:22 Caravan
34:11 Pikeman
34:53 Scale Mail Armor
34:55 Squires
35:07 Forging
35:53 Chain Mail Armor
37:29 Iron Casting
慈母守中線 游子身上E
11:39 Feudal Age
15:24 Castle Age
17:26 Horse Collar
17:35 Double-Bit Axe
20:19 Bow Saw
21:13 Gold Mining
21:34 Heavy Plow
24:50 Wheelbarrow
24:01 Loom
25:41 Stone Mining
26:11 Hand Cart
30:04 Imperial Age
29:37 Thumb Ring
29:55 Ballistics
29:40 Padded Archer Armor
29:30 Fletching
30:10 Heavy Cavalry Archer
31:29 Parthian Tactics
31:42 Bodkin Arrow
32:04 Bloodlines
31:55 Husbandry
32:37 Leather Archer Armor
33:29 Chemistry
32:32 Bracer
36:51 Cavalier
FlyingZipper
5:17 Double-Bit Axe
11:07 Feudal Age
15:13 Castle Age
14:00 Bow Saw
14:43 Horse Collar
18:13 Two-Man Saw
23:56 Forging
23:48 Cavalier
26:26 Iron Casting
25:56 Scale Barding Armor
26:20 Husbandry
27:16 Wheelbarrow
26:45 Gold Mining
35:09 Imperial Age
33:12 Heavy Plow
33:53 Hand Cart
34:26 Gold Shaft Mining
36:17 Paladin
36:26 Light Cavalry
iBenj
9:51 Feudal Age
11:21 Double-Bit Axe
13:16 Loom
16:37 Castle Age
18:20 Forging
20:45 Man-at-Arms
25:29 Iron Casting
25:09 Long Swordsman
31:06 Imperial Age
30:07 Horse Collar
31:42 Scale Mail Armor
32:37 Heavy Plow
33:24 Wheelbarrow
35:05 Anarchy
35:07 Squires
35:21 Elite Huskarl
37:11 Chain Mail Armor
H0TM1ILK
12:33 Feudal Age
13:38 Loom
16:26 Castle Age
14:37 Stone Mining
16:11 Double-Bit Axe
16:18 Gold Mining
19:33 Bow Saw
20:35 Fletching
22:50 Gold Shaft Mining
24:29 Bodkin Arrow
26:10 Horse Collar
27:45 Padded Archer Armor
30:17 Wheelbarrow
30:31 Yeomen
31:56 Ballistics
31:54 Leather Archer Armor
Galifrey
11:33 Feudal Age
13:48 Loom
16:58 Castle Age
14:52 Double-Bit Axe
18:06 Bow Saw
17:50 Gold Mining
25:09 Wheelbarrow
26:56 Hand Cart
28:14 Husbandry
35:22 Imperial Age
35:29 Cavalier
Connection lost

Rejoining the realm…

Still unreachable

The connection could not be restored.

Session expired

The server has moved on; the page needs a fresh start.